BSA
SO CAL BRUINS @ PORTLAND CARDS
04/13/2029
 
TOP OF THE 1ST
So Cal Bruins batting - Pitching for Portland Cards : RHP Manuel Fuentes
Pitching: RHP Manuel Fuentes
Batting: LHB Jesús Campos 0-0: Foul Ball, location: 2F
0-1: Ball
1-1: Fly out, F8 (Flyball, 8LD)
Batting: LHB Chris Bates 0-0: Called Strike
0-1: SINGLE (Line Drive, 6MD)
Batting: LHB José Antonio Santiago 0-0: Called Strike
0-1: Ball
1-1: Called Strike
1-2: Ball
2-2: TRIPLE (Line Drive, 78XD)
Chris Bates scores
Batting: RHB Earl Wiggins 0-0: Called Strike
0-1: Ball
1-1: Ball
2-1: Ball
3-1: Ground out U3 (Groundball, 34)
José Antonio Santiago scores
Batting: LHB Kiyonaga Morita 0-0: SOLO HOME RUN (Flyball, 89XD), Distance : 366 ft
Batting: LHB Jeff Carter 0-0: Called Strike
0-1: SINGLE (Groundball, 56D)
Batting: LHB Bob Ware 0-0: Ball
1-0: Called Strike
1-1: Called Strike
1-2: Foul Ball, location: 2F
1-2: Ball
2-2: Ball
3-2: Fly out, F7 (Flyball, 78S)
Top of the 1st over - 3 runs, 4 hits, 0 errors, 1 left on base; So Cal 3 - Portland 0
BOTTOM OF THE 1ST
Portland Cards batting - Pitching for So Cal Bruins : RHP Dionisio Penni
Pitching: RHP Dionisio Penni
Batting: RHB Dani Vázquez 0-0: Foul Ball, location: 2F
0-1: SINGLE (Line Drive, 9S)
Batting: RHB António Zúńiga 0-0: Ball
1-0: Ball
2-0: Foul Ball, location: 2F
2-1: Ball
3-1: Base on Balls
Dani Vázquez to second
Batting: LHB Jeff Daniels 0-0: Called Strike
0-1: Foul Ball, location: 2F
0-2: Foul Ball, location: 2F
0-2: Foul Ball, location: 2F
0-2: Ball
1-2: Ball
2-2: Ball
3-2: Fly out, F9 (Flyball, 89S)
Batting: LHB Troy Donaldson 0-0: Ball
Passed Ball!
Dani Vázquez to third
António Zúńiga to second
1-0: Foul Ball, location: 2F
1-1: Swinging Strike
1-2: Foul Ball, location: 2F
1-2: Ball
2-2: Foul Ball, location: 2F
2-2: Strikes out swinging
Batting: RHB Eugene Gill 0-0: Called Strike
0-1: Ball
1-1: Swinging Strike
1-2: Foul Ball, location: 2F
1-2: Foul Ball, location: 2F
1-2: Ball
2-2: Foul Ball, location: 2F
2-2: Fly out, F7 (Flyball, 7D)
Bottom of the 1st over - 0 runs, 1 hit, 0 errors, 2 left on base; So Cal 3 - Portland 0
TOP OF THE 2ND
So Cal Bruins batting - Pitching for Portland Cards : RHP Manuel Fuentes
Batting: RHB Javier Deleón 0-0: Ball
1-0: Ball
2-0: Called Strike
2-1: Ball
3-1: Called Strike
3-2: Foul Ball, location: 2F
3-2: Base on Balls
Batting: RHB Gerardo Escobedo 0-0: Fly out, F9 (Flyball, 9LS)
Batting: LHB Jesús Campos 0-0: Ball
1-0: Foul Ball, location: 2F
1-1: Ball
2-1: Ball
3-1: Called Strike
3-2: Ground out 4-3 (Groundball, 4)
Javier Deleón to second
Batting: LHB Chris Bates 0-0: Ball
1-0: Foul Ball, location: 2F
1-1: Foul Ball, location: 2F
1-2: Foul Ball, location: 2F
1-2: Fly out, F8 (Flyball, 8LS)
Top of the 2nd over - 0 runs, 0 hits, 0 errors, 1 left on base; So Cal 3 - Portland 0
BOTTOM OF THE 2ND
Portland Cards batting - Pitching for So Cal Bruins : RHP Dionisio Penni
Batting: RHB Aaron Scott 0-0: Foul Ball, location: 2F
0-1: Ball
1-1: Swinging Strike
1-2: Strikes out swinging
Batting: LHB Chance Santry 0-0: Ball
1-0: Called Strike
1-1: Foul Ball, location: 2F
1-2: Strikes out looking
Batting: RHB Jesús Gutiérrez 0-0: Ball
1-0: Ball
2-0: Swinging Strike
2-1: Ball
3-1: TRIPLE (Flyball, 89XD)
Batting: RHB Jared Thompson 0-0: Ball
1-0: Foul Ball, location: 2F
1-1: Swinging Strike
1-2: Foul Ball, location: 2F
1-2: Strikes out looking
Bottom of the 2nd over - 0 runs, 1 hit, 0 errors, 1 left on base; So Cal 3 - Portland 0
TOP OF THE 3RD
So Cal Bruins batting - Pitching for Portland Cards : RHP Manuel Fuentes
Batting: LHB José Antonio Santiago 0-0: Ball
1-0: SINGLE (Groundball, 4MD)
Batting: RHB Earl Wiggins 0-0: Called Strike
0-1: Ball
1-1: Ball
2-1: Grounds into double play, 6-4-3 (Groundball, 6)
Batting: LHB Kiyonaga Morita 0-0: Called Strike
0-1: Ball
1-1: Ball
2-1: Called Strike
2-2: Foul Ball, location: 2F
2-2: Ball
3-2: Fly out, F8 (Flyball, 8LD)
Top of the 3rd over - 0 runs, 1 hit, 0 errors, 0 left on base; So Cal 3 - Portland 0
BOTTOM OF THE 3RD
Portland Cards batting - Pitching for So Cal Bruins : RHP Dionisio Penni
Batting: RHB Dani Vázquez 0-0: Ball
1-0: Ground out 6-3 (Groundball, 6)
Batting: RHB António Zúńiga 0-0: Ball
1-0: Ball
2-0: Ball
3-0: Base on Balls
Batting: LHB Jeff Daniels 0-0: Ball
1-0: Called Strike
1-1: Called Strike
1-2: Foul Ball, location: 2F
1-2: Ball
2-2: Grounds into double play, 6-4-3 (Groundball, 6)
Bottom of the 3rd over - 0 runs, 0 hits, 0 errors, 0 left on base; So Cal 3 - Portland 0
TOP OF THE 4TH
So Cal Bruins batting - Pitching for Portland Cards : RHP Manuel Fuentes
Batting: LHB Jeff Carter 0-0: Swinging Strike
0-1: Ball
1-1: Swinging Strike
1-2: Foul Ball, location: 2F
1-2: Ball
2-2: Ball
3-2: SINGLE (Groundball, 4D)
Batting: LHB Bob Ware 0-0: Ball
1-0: SINGLE (Flyball, 8LS)
Jeff Carter to second
Batting: RHB Javier Deleón 0-0: Foul Ball, location: 2F
0-1: Ball
1-1: Hit by Pitch
Jeff Carter to third
Bob Ware to second
Batting: RHB Gerardo Escobedo 0-0: Swinging Strike
0-1: Called Strike
0-2: Foul Ball, location: 2F
0-2: Strikes out looking
Batting: LHB Jesús Campos 0-0: Grounds into fielders choice 1-2 (Groundball, 15S)
Bob Ware to third
Javier Deleón to second
Batting: LHB Chris Bates 0-0: DOUBLE (Flyball, 8LXD)
Bob Ware scores
Javier Deleón scores
Jesús Campos to third
Runner from 3rd tries for Home, SAFE, no throw
Batting: LHB José Antonio Santiago 0-0: Called Strike
0-1: Called Strike
0-2: Ball
1-2: Ball
2-2: Foul Ball, location: 2F
2-2: Foul Ball, location: 2F
2-2: Strikes out swinging, 2-3 out at first.
Top of the 4th over - 3 runs, 3 hits, 0 errors, 1 left on base; So Cal 6 - Portland 0
BOTTOM OF THE 4TH
Portland Cards batting - Pitching for So Cal Bruins : RHP Dionisio Penni
Batting: LHB Troy Donaldson 0-0: Ball
1-0: Foul Ball, location: 2F
1-1: Ball
2-1: Ground out 5-3 (Groundball, 56)
Batting: RHB Eugene Gill 0-0: Fly out, F8 (Line Drive, 8LM)
Batting: RHB Aaron Scott 0-0: Ball
1-0: Swinging Strike
1-1: Ball
2-1: SINGLE (Line Drive, 7S)
Batting: LHB Chance Santry 0-0: Swinging Strike
0-1: Fielders Choice at 2nd, 6-4 (Groundball, 6D)
Bottom of the 4th over - 0 runs, 1 hit, 0 errors, 1 left on base; So Cal 6 - Portland 0
TOP OF THE 5TH
So Cal Bruins batting - Pitching for Portland Cards : RHP Manuel Fuentes
Batting: RHB Earl Wiggins 0-0: Foul Ball, location: 2F
0-1: Called Strike
0-2: Strikes out swinging
Batting: LHB Kiyonaga Morita 0-0: Called Strike
0-1: Ball
1-1: Called Strike
1-2: Foul Ball, location: 2F
1-2: Strikes out looking
Batting: LHB Jeff Carter 0-0: Ball
1-0: Fly out, F9 (Flyball, 9LSF)
Top of the 5th over - 0 runs, 0 hits, 0 errors, 0 left on base; So Cal 6 - Portland 0
BOTTOM OF THE 5TH
Portland Cards batting - Pitching for So Cal Bruins : RHP Dionisio Penni
Batting: RHB Jesús Gutiérrez 0-0: Foul Ball, location: 2F
0-1: Fly out, F3 (Popup, 34S)
Batting: RHB Jared Thompson 0-0: Ground out 5-3 (Groundball, 56S)
Batting: RHB Dani Vázquez 0-0: Called Strike
0-1: Ball
1-1: Ball
2-1: Foul Ball, location: 2F
2-2: SINGLE (Groundball, 4MD)
Batting: RHB António Zúńiga 0-0: 2-RUN HOME RUN (Flyball, 89XD), Distance : 378 ft
Batting: LHB Jeff Daniels 0-0: Ground out U3 (Groundball, 3)
Bottom of the 5th over - 2 runs, 2 hits, 0 errors, 0 left on base; So Cal 6 - Portland 2
TOP OF THE 6TH
So Cal Bruins batting - Pitching for Portland Cards : RHP Manuel Fuentes
Pitching: RHP Butch Ramey
Batting: LHB Bob Ware 0-0: Called Strike
0-1: Called Strike
0-2: Foul Ball, location: 2F
0-2: Ball
1-2: Ball
2-2: Ball
3-2: Ground out 6-3 (Groundball, 6M)
Batting: RHB Javier Deleón 0-0: Ground out 4-3 (Groundball, 34)
Batting: RHB Gerardo Escobedo 0-0: Ball
1-0: Called Strike
1-1: Called Strike
1-2: Foul Ball, location: 2F
1-2: SINGLE (Groundball, 4D)
Batting: LHB Jesús Campos 0-0: Ball
1-0: Ball
2-0: Ball
3-0: Called Strike
3-1: Swinging Strike
3-2: SINGLE (Flyball, 9S)
Gerardo Escobedo to second
Gerardo Escobedo to third
Batting: LHB Chris Bates 0-0: Called Strike
0-1: Ball
1-1: Fly out, F8 (Flyball, 8RD)
Top of the 6th over - 0 runs, 2 hits, 0 errors, 2 left on base; So Cal 6 - Portland 2
BOTTOM OF THE 6TH
Portland Cards batting - Pitching for So Cal Bruins : RHP Dionisio Penni
Pitching: RHP Jerry Good
Batting: LHB Troy Donaldson 0-0: Ball
1-0: Called Strike
1-1: Swinging Strike
1-2: Strikes out swinging
Batting: RHB Eugene Gill 0-0: Foul Ball, location: 2F
0-1: Foul Ball, location: 2F
0-2: Ball
1-2: Ball
2-2: Strikes out looking
Batting: RHB Aaron Scott 0-0: Called Strike
0-1: Called Strike
0-2: Ball
1-2: Foul Ball, location: 2F
1-2: Foul Ball, location: 2F
1-2: Ball
2-2: Strikes out looking
Bottom of the 6th over - 0 runs, 0 hits, 0 errors, 0 left on base; So Cal 6 - Portland 2
TOP OF THE 7TH
So Cal Bruins batting - Pitching for Portland Cards : RHP Butch Ramey
Batting: LHB José Antonio Santiago 0-0: Ball
1-0: Fly out, F7 (Flyball, 7S)
Batting: RHB Earl Wiggins 0-0: Fly out, F4 (Popup, 34)
Batting: LHB Kiyonaga Morita 0-0: Ball
1-0: Ball
2-0: Foul Ball, location: 2F
2-1: Foul Ball, location: 2F
2-2: Ball
3-2: Foul Ball, location: 2F
3-2: Strikes out swinging
Top of the 7th over - 0 runs, 0 hits, 0 errors, 0 left on base; So Cal 6 - Portland 2
BOTTOM OF THE 7TH
Portland Cards batting - Pitching for So Cal Bruins : RHP Jerry Good
Batting: LHB Chance Santry 0-0: Called Strike
0-1: SINGLE (Line Drive, 9LS)
Batting: RHB Jesús Gutiérrez 0-0: Called Strike
0-1: Grounds into double play, 6-4-3 (Groundball, 6)
Batting: RHB Jared Thompson 0-0: Called Strike
0-1: Ball
1-1: Swinging Strike
1-2: Ground out 6-3 (Groundball, 56)
Bottom of the 7th over - 0 runs, 1 hit, 0 errors, 0 left on base; So Cal 6 - Portland 2
TOP OF THE 8TH
So Cal Bruins batting - Pitching for Portland Cards : RHP Butch Ramey
Batting: LHB Jeff Carter 0-0: Ball
1-0: Ball
2-0: Called Strike
2-1: Foul Ball, location: 2F
2-2: Fly out, F8 (Flyball, 78M)
Batting: LHB Bob Ware 0-0: TRIPLE (Flyball, 8LXD)
Batting: RHB Javier Deleón 0-0: Intentional Walk
Batting: RHB Gerardo Escobedo 0-0: Called Strike
0-1: Swinging Strike
0-2: DOUBLE (Line Drive, 78D)
Bob Ware scores
Javier Deleón to third
Runner from 3rd tries for Home, SAFE, no throw
Batting: LHB Jesús Campos 0-0: Ball
1-0: Foul Ball, location: 2F
1-1: Ball
2-1: Foul Ball, location: 2F
2-2: Foul Ball, location: 2F
2-2: Ground out 4-3 (Groundball, 4)
Gerardo Escobedo to third
Batting: LHB Chris Bates 0-0: Ball
1-0: Called Strike
1-1: Ground out 4-3 (Groundball, 4)
Top of the 8th over - 2 runs, 2 hits, 0 errors, 1 left on base; So Cal 8 - Portland 2
BOTTOM OF THE 8TH
Portland Cards batting - Pitching for So Cal Bruins : RHP Jerry Good
Pitching: LHP Jesús González
Batting: RHB Dani Vázquez 0-0: Ball
1-0: Ball
2-0: Ball
3-0: Called Strike
3-1: Base on Balls
Batting: RHB António Zúńiga 0-0: Ball
1-0: Ball
2-0: Ball
3-0: Base on Balls
Dani Vázquez to second
Batting: LHB Jeff Daniels 0-0: Ball
1-0: Ball
2-0: Called Strike
2-1: Ball
3-1: Called Strike
3-2: Base on Balls
Dani Vázquez to third
António Zúńiga to second
Batting: LHB Troy Donaldson 0-0: Called Strike
0-1: Ball
1-1: Ball
2-1: Ball
3-1: Base on Balls
Dani Vázquez scores
António Zúńiga to third
Jeff Daniels to second
Pitching: RHP Marty Burgess
Batting: RHB Eugene Gill 0-0: SINGLE (Groundball, 6D)
António Zúńiga scores
Jeff Daniels to third
Troy Donaldson to second
Batting: RHB Aaron Scott 0-0: Foul Ball, location: 2F
0-1: Grounds into double play, 1-2-3 (Groundball, 13S)
Troy Donaldson to third
Eugene Gill to second
Batting: LHB Chance Santry 0-0: SINGLE (Line Drive, 34D)
Troy Donaldson scores
Eugene Gill to third
Runner from 3rd tries for Home, SAFE, throw made home
Batting: RHB Jesús Gutiérrez 0-0: Ball
1-0: Ball
2-0: Called Strike
2-1: Foul Ball, location: 2F
2-2: Strikes out swinging
Bottom of the 8th over - 4 runs, 2 hits, 0 errors, 1 left on base; So Cal 8 - Portland 6
TOP OF THE 9TH
So Cal Bruins batting - Pitching for Portland Cards : RHP Butch Ramey
Pitching: LHP José Garza
Batting: LHB José Antonio Santiago 0-0: Swinging Strike
0-1: Called Strike
0-2: Ball
1-2: Ball
2-2: Strikes out looking
Batting: RHB Earl Wiggins 0-0: Ball
1-0: Ball
2-0: Called Strike
2-1: Swinging Strike
2-2: SINGLE (Groundball, 6MD)
Batting: LHB Kiyonaga Morita 0-0: Ball
1-0: Ball
2-0: Ball
3-0: Base on Balls
Earl Wiggins to second
Pinch Hitting: RHB Rubén Calderón 0-0: Ball
1-0: Called Strike
1-1: Ball
2-1: Foul Ball, location: 2F
2-2: Ball
3-2: Base on Balls
Earl Wiggins to third
Kiyonaga Morita to second
Batting: LHB Bob Ware 0-0: Ball
1-0: Ball
2-0: Foul Ball, location: 2F
2-1: Ball
3-1: Grounds into fielders choice 5-2 (Groundball, 5L)
Kiyonaga Morita to third
Rubén Calderón to second
Batting: RHB Javier Deleón 0-0: Ball
1-0: Swinging Strike
1-1: Foul Ball, location: 2F
1-2: Strikes out swinging
Top of the 9th over - 0 runs, 1 hit, 0 errors, 3 left on base; So Cal 8 - Portland 6
BOTTOM OF THE 9TH
Portland Cards batting - Pitching for So Cal Bruins : RHP Marty Burgess
Now at SS: Ken Hernández
Batting: RHB Jared Thompson 0-0: Called Strike
0-1: Called Strike
0-2: Ground out 4-3 (Groundball, 4)
Batting: RHB Dani Vázquez 0-0: Ball
1-0: Called Strike
1-1: Ball
2-1: Fly out, F8 (Flyball, 8LD)
Batting: RHB António Zúńiga 0-0: Ball
1-0: Ball
2-0: Ball
3-0: Base on Balls
Batting: LHB Jeff Daniels 0-0: Ball
1-0: Ball
2-0: Ball
3-0: Base on Balls
António Zúńiga to second
Batting: LHB Troy Donaldson 0-0: Fly out, F3 (Line Drive, 3)
Bottom of the 9th over - 0 runs, 0 hits, 0 errors, 2 left on base; So Cal 8 - Portland 6
Saturday, December 16th, 2017 - OOTP Baseball 18.8 Build 76